 Dungeon Crawl Stone Soup version 0.32-a0-86-g8db1b9f803 (webtiles) character file.

Game seed: 3195719351907018183

37 Drazool the Ruffian (level 3, 0/31 HPs)
             Began as a Naga Shapeshifter on Feb 5, 2024.
             Killed from afar by Natasha (5 damage)
             ... with a puff of flame
             ... on level 2 of the Dungeon.
             The game lasted 00:04:26 (1098 turns).

Drazool the Ruffian (Naga Shapeshifter)             Turns: 1098, Time: 00:04:27

Health: 0/31       AC:  3    Str: 16    XL:     3   Next: 41%
Magic:  3/3        EV:  9    Int: 10    God:
Gold:   112        SH:  0    Dex: 12    Spells: 2/2 levels left

rFire   . .          .
                       - Unarmed
rCold   . . .        (no shield)
rNeg    . . .        g - +1 leather armour {rPois}
rPois   +            (helmet currently unavailable)
rElec   .            (cloak currently unavailable)
rCorr   .            (gloves currently unavailable)
SInv    +            (no barding)
Will    .....        (no amulet)
Stlth   +            (no ring)
HPRegen 0.25/turn    (no ring)
MPRegen 0.08/turn

%: no passive effects
@: short of breath, beast-form, very slow
A: beast (slay +1), AC +1, large, see invisible, deformed body, poison
resistance, slowness 2, spit poison 1, naga tail 1
a: Spit Poison, Begin Untransformation


You were on level 2 of the Dungeon.
You were a hulking beast.
You visited 1 branch of the dungeon, and saw 2 of its levels.

You collected 112 gold pieces.


Innate Abilities, Weirdness & Mutations

You are a hulking beast.
Your limbs bulge with bestial killing power. (Slay +1)
Your serpentine skin is tough. (AC +1)
You have supernaturally acute eyesight. (SInv)
Armour fits poorly on your strangely shaped body.
Your system is resistant to poisons. (rPois)
You cover ground very slowly.
You can spit poison.
You have a snake-like lower body.


   Skills:
 - Level 1.0 Fighting
 - Level 1.5 Dodging
 + Level 4.4 Unarmed Combat
 - Level 3.0 Shapeshifting


You had 2 spell levels left.
You didn't know any spells.
Your spell library contained the following spells:

 Spells                   Type           Power      Damage    Failure   Level
 Ozocubu's Armour         Ice            0%         N/A       80%         3
 Metabolic Englaciation   Hex/Ice        0%         N/A       100%        5
 Sculpt Simulacrum        Ice/Alch       0%         N/A       100%        6

Inventory:

Missiles
 i - 4 poisoned darts
Armour
 a - a +0 animal skin
 g - a +1 leather armour of poison resistance (worn)
 o - a +1 cloak of preservation
Talismans
 c - a beast talisman (active)
 d - a flux talisman
Scrolls
 e - a scroll of brand weapon {unknown}
 h - a scroll of enchant weapon {unknown}
 j - 3 scrolls of identify {unknown}
 l - a scroll of poison {unknown}
 n - a scroll of teleportation {unknown}
 p - a scroll of enchant armour {unknown}
Potions
 b - a potion of lignification
 f - 2 potions of berserk rage {unknown}
 k - 3 potions of attraction {unknown}
 m - a potion of brilliance {unknown}

Dungeon Overview and Level Annotations

Branches:
Dungeon (2/15)

Altars:

Annotations:
D:2 Natasha

#.......<#>..#
#####....#.###
#....#.# #....#.#
##+###.# #?#
#.########### ######.#
#............
#......###############
#...hh.'.......# #
#......#######.#######
#.....$# #........
#......# #########
########


You could see Natasha.


Message History

Natasha, Servant of Life and Death comes into view.
She is carrying a wand of flame.
Natasha zaps a wand.
The puff of flame misses you.
Okay, then.
Okay, then.
You can't see any hostile targets in range.
Unknown command.
Found 12 gold pieces and a scroll labelled XOHIMM ZUORGHUR.
Natasha stares at you and mumbles some strange words.
The magic dart hits you.
There is an open door here.
Aiming: Spit Poison (2% risk of failure)
Press: ? - help, Q - select action, (/) - cycle Shift-Dir - straight line, f - Natasha
Aim: Natasha, carrying a wand of flame (50% to hit)
The splash of poison hits Natasha.
Natasha is lightly wounded.
Unknown command.
Natasha stares at you and mumbles some strange words.
The magic dart hits you!
Natasha zaps a wand.
The puff of flame hits you. Natasha claws you.
* * * LOW HITPOINT WARNING * * *
You barely miss Natasha.
Natasha is lightly wounded.
Natasha casts a spell at you. The magic dart hits you!
* * * LOW HITPOINT WARNING * * *
You hit Natasha. Your punch misses Natasha.
Natasha is lightly wounded.
Natasha zaps a wand.
The puff of flame hits you.
You die...
Natasha begins licking her fur clean.

Skill      XL: |  1  2 |
---------------+-------+-----
Unarmed Combat | 4 |  4.4
Fighting       | |  1.0
Dodging        | |  1.5
Shapeshifting  | |  3.0

Action                     || total
---------------------------++-------
  Melee: Unarmed           ||    42
         Punch             ||     2
Ability: Spit Poison       ||    20
 Armour: Animal skin       ||     4
         Leather armour    ||    23
  Dodge: Dodged            ||    18
   Form: Beast             ||     1

Levels and vault maps discovered:
D:1:      wander_arrival_chamber, layout_basic, hex_large,
          minmay_shallow_snake_nest
D:2:      layout_basic, uniq_natasha

Notes
Turn   | Place    | Note
-------+----------+-------------------------------------------
     0 | D:1      | Drazool the Naga Shapeshifter began the quest for the Orb.
     0 | D:1      | Reached XP level 1. HP: 18/18 MP: 1/1
   246 | D:1      | Reached XP level 2. HP: 25/25 MP: 2/2
   559 | D:1      | Reached skill level 4 in Unarmed Combat
   596 | D:1      | Reached XP level 3. HP: 31/31 MP: 3/3
   955 | D:2      | Identified the +3 mace of Obiter Dictum {flame, rPois rF+}
  1092 | D:2      | Noticed Natasha
  1098 | D:2      | Killed from afar by Natasha

Vanquished Creatures
  3 dart slugs
  3 ball pythons
  2 bats
  3 endoplasms
  2 giant cockroaches (D:1)
  2 goblins (D:1)
  4 hobgoblins
  A kobold (D:1)
  A quokka (D:2)
  3 frilled lizards (D:1)
  4 rats
28 creatures vanquished.

Table legend: (Time is in decaauts)
 A = Elapsed time spent in this place.
 B = Non-inter-level travel time spent in this place.
 C = Inter-level travel time spent in this place.
 D = Time resting spent in this place.
 E = Time spent auto-exploring this place.
 F = Levels seen in this place.
 G = Mean time per level.
                   A        B        C        D        E       F      G
               +--------+--------+--------+--------+--------+-----+--------+
         Total |   1449 |   1428 |     21 |      6 |   1151 |   2 |  724.5 |
       Dungeon |   1449 |   1428 |     21 |      6 |   1151 |   2 |  724.5 |
               +--------+--------+--------+--------+--------+-----+--------+

Top non-repeatable levels by time:
     D:1: 1058 daAuts
     D:2: 391 daAuts

Table legend:
 A = Non-vault XP
 B = Vault XP
 C = Vault XP percentage of total XP
 D = Non-vault monster count
 E = Vault monster count
 F = Vault count percentage of total count
                 A         B        C        D         E       F
            +---------+---------+-------+---------+---------+-------
      Total |      52 |       2 |   3.7 |      27 |       1 |   3.6
            +---------+---------+-------+---------+---------+-------
        D:1 |      36 |       2 |   5.3 |      19 |       1 |   5.0
        D:2 |      16 |       0 |   0.0 |       8 |       0 |   0.0
            +---------+---------+-------+---------+---------+-------
